 Dungeon Crawl Stone Soup version 0.17.0-57-g0e89251 (webtiles) character file.

399188 ventricule the Bringer of Law (level 24, -16/197 HPs)
             Began as a Formicid Wanderer on Dec 6, 2015.
             Was the Champion of Zin.
             Killed from afar by a lich (79 damage)
             ... with an iron shot
             ... on level 5 of the Vaults on Dec 8, 2015.
             The game lasted 03:56:47 (66363 turns).

ventricule the Bringer of Law (Formicid Wanderer)  Turns: 66363, Time: 03:56:47

Health: -16/197    AC: 36    Str: 28    XL:     24   Next: 71%
Magic:  48/48      EV: 13    Int:  7    God:    Zin [******]
Gold:   2148       SH: 23    Dex: 11    Spells: 1 memorised, 21 levels left

rFire  + + .     SeeInvis +     T - +9 great mace (protect)
rCold  . . .     Clarity  .     L - +8 plate armour of Ypetezi {rN+}
rNeg   + . .     SustAt   .     S - +1 large shield {reflect}
rPois  .         Gourm    .     (helmet unavailable)
rElec  .         Spirit   .     t - +0 cloak {MR+}
rCorr  .         Warding  .     g - +0 pair of gloves
rMut   +         Stasis   +     f - +1 pair of boots {Fly}
MR     ++...                    k - amulet of resist mutation
Stlth  ..........               R - ring of protection from fire
                                C - ring of Deugoss Lawa {rF+ MR- MP+9 Int-5 Slay+5}

@: very resistant to hostile enchantments, extremely unstealthy
A: permanent stasis, dig shafts and tunnels, four strong arms, antennae 3
a: Dig, Shaft Self, Recite, Vitalisation, Imprison, Sanctuary, Donate Gold, Cure
All Mutations, Renounce Religion, Evoke Flight
}: 1/15 runes: decaying


You were on level 5 of the Vaults.
You worshipped Zin.
Zin was exalted by your worship.
You were not hungry.

You visited 8 branches of the dungeon, and saw 42 of its levels.
You also visited: Labyrinth, Ice Cave and Volcano.

You collected 5501 gold pieces.
You spent 2162 gold pieces at shops.
You donated 252 gold pieces to Zin.


Innate Abilities, Weirdness & Mutations

You are under a permanent stasis effect.
You can dig through walls and to a lower floor.
Your four strong arms can wield two-handed weapons with a shield.
You have a pair of large antennae on your head (SInv).


   Skills:
 - Level 17.6 Fighting
 - Level 20.1 Maces & Flails
 - Level 16.6 Armour
 - Level 11.8 Dodging
 - Level 2.4 Stealth
 - Level 16.0 Shields
 - Level 1.0 Unarmed Combat
 + Level 25.9 Invocations
 - Level 4.1 Evocations


You had 21 spell levels left.
You knew the following spells:

 Your Spells              Type           Power        Failure   Level  Hunger
d - Repel Missiles        Chrm/Air       #.....       100%        2    ###....

Inventory:

Hand Weapons
 u - the +7 flail "Gelafa" {antimagic, +Inv rF++}

   It disrupts the flow of magical energy around spellcasters and certain
   magical creatures (including the wielder).
   It greatly protects you from fire.
   It lets you turn invisible.
 T - a +9 great mace of protection (weapon)
Missiles
 m - 19 javelins (quivered)
Armour
 f - a +1 pair of boots of flying (worn)
 g - a +0 pair of gloves (worn)
 t - a +0 cloak of magic resistance (worn)
 L - the +8 plate armour of Ypetezi (worn) {rN+}

   It protects you from negative energy.
 S - a +1 large shield of reflection (worn)
Rods
 M - a +5 rod of inaccuracy (10/10) {!a}
Jewellery
 k - an amulet of resist mutation (around neck)
 w - an uncursed ring of ice
 C - the ring of Deugoss Lawa (left hand) {rF+ MR- MP+9 Int-5 Slay+5}

   [ring of magical power]

   It affects your intelligence (-5).
   It affects your accuracy and damage with ranged weapons and melee attacks
   (+5).
   It protects you from fire.
   It affects your resistance to hostile enchantments.
   It affects your magic capacity (+9).
 D - an uncursed ring of protection from magic
 H - an uncursed amulet of clarity
 R - a ring of protection from fire (right hand)
 U - an uncursed ring of protection from cold
Wands
 a - a wand of heal wounds (1) {!d@v2}
 B - a wand of cold (1)
 E - a wand of digging (14)
 Q - a wand of fire (3)
Scrolls
 b - 2 scrolls of fear
 l - 17 scrolls of remove curse
 n - 8 scrolls of enchant weapon
 q - 6 scrolls of magic mapping
 r - 6 scrolls of identify {@r1}
 v - 2 scrolls of immolation {!r}
 x - 6 scrolls of enchant armour
 z - 3 scrolls of holy word
 A - 7 scrolls of recharging
 G - 2 scrolls of fog
 J - a scroll of amnesia
 O - a scroll of vulnerability {!r}
Potions
 c - 7 potions of curing {@q1}
 d - 3 potions of resistance
 i - 7 potions of flight
 j - 3 potions of cure mutation
 p - a potion of ambrosia {!q}
 s - 6 potions of brilliance
 F - 4 potions of magic
 V - a potion of might
 W - 5 potions of agility
 X - 2 potions of heal wounds {@q2}
 Y - 3 potions of invisibility
 Z - 3 potions of cancellation
Miscellaneous
 e - 4 phantom mirrors
 o - a fan of gales
 y - a legendary deck of changes {drawn: 3}
 I - a legendary deck of escape {drawn: 8}
 K - a phial of floods
 N - a lamp of fire
 P - an ornate deck of changes {drawn: 5}
Comestibles
 h - 11 bread rations

Dungeon Overview and Level Annotations

Branches:
Dungeon (15/15)            Temple (1/1) D:4            Lair (8/8) D:10
  Swamp (4/4) Lair:6        Snake (0/4) Lair:3        Slime (0/6) Lair:6
    Orc (4/4) D:11            Elf (3/3) Orc:4        Vaults (5/5) D:13
  Crypt (0/3) Vaults:3     Depths (2/5) D:15

Altars:
Cheibriados
Dithmenos
Elyvilon
Fedhas
Gozag
Kikubaaqudgha
Makhleb
Nemelex Xobeh
Okawaru
Qazlal
Ru
Trog
Vehumet
Xom
Yredelemnul
Zin
Beogh
Jiyva

Shops:
D:5 :   D:10 *%   D:13 [   D:14 (   Orc:4 (}?:   Vaults:1 =

Portals:
Hell: Lair:8 Depths:1 Depths:2

Annotations:
Swamp:1 exclusion: Roxanne, Nikola, Roxanne

.▒▒..)▒..)▒
..▒▒..(▒..▒
...▒▒.)(▒.▒
{
▒...▒▒..)▒▒
▒...▒▒.)÷▒
{ ▒...▒▒))▒
▒...▒▒)▒ {
▒...▒)▒{ {
{ ▒▒.)aL▒{{
▒▒...▒
▒▒..▒{ ▒▒..
▒... .....
......
▒▒▒▒▒▒


You could see a lich.


Message History

The deep elf annihilator is moderately wounded.
The deep elf annihilator gestures at you while chanting.
Your +1 large shield of reflection reflects the iron shot!
The iron shot hits the deep elf annihilator.
You hear a shout!
You pound the deep elf annihilator like an anvil!!!
You kill the deep elf annihilator!
You feel sick.
The lich touches you but does no damage.
Items here: ))) = [ £ † You closely miss the lich.
You hit the lich.
The lich is lightly damaged.
You block the lich's attack.
You sock the lich!
The lich is lightly damaged.
The lich touches you.
* * * LOW HITPOINT WARNING * * *
You sock the lich!
The lich is moderately damaged.
You block the lich's attack.
You bludgeon the lich!!
The lich is severely damaged.
You feel sick.
You are no longer poisoned.
Your plate armour of Ypetezi prevents you from hitting the lich.
The lich is severely damaged.
The lich points at you and mumbles some strange words.
The iron shot hits you!
You die...

Action                   |  1- 3 |  4- 6 |  7- 9 | 10-12 | 13-15 | 16-18 | 19-21 | 22-24 || total
-------------------------+-------+-------+-------+-------+-------+-------+-------+-------++-------
Melee: Club              |   251 |    31 |       |       |       |       |       |       ||   282
       Flail             |       |   155 |   403 |   775 |  1787 |    22 |       |       ||  3142
       Dire flail        |       |       |       |       |   212 |  1415 |       |       ||  1627
       Eveningstar       |       |       |       |       |       |   568 |    15 |       ||   583
       Great mace        |       |       |       |       |       |       |  1609 |  1345 ||  2954
Throw: Javelin           |       |     4 |     4 |     8 |    12 |     4 |       |       ||    32
Invok: Recite            |       |       |     1 |       |     5 |    19 |    28 |    35 ||    88
       Vitalisation      |       |       |       |       |       |     3 |     4 |     2 ||     9
       Imprison          |       |       |       |       |       |     1 |       |     2 ||     3
 Abil: Dig               |       |     2 |    13 |     9 |    31 |    36 |    22 |       ||   113
       Evoke Invisibilit |       |       |       |     1 |     7 |     1 |       |       ||     9
       Shaft Self        |       |       |       |       |       |     1 |     1 |       ||     2
       Evoke Flight      |       |       |       |       |       |       |     1 |       ||     1
       Stop Flying       |       |       |       |       |       |       |     1 |       ||     1
Evoke: Wand              |       |       |       |     2 |     7 |     2 |       |     3 ||    14
       Fan of gales      |       |       |       |       |       |     1 |       |       ||     1
       Deck              |       |       |       |       |       |     2 |     6 |     8 ||    16
  Use: Scroll            |     5 |     3 |     3 |    16 |     9 |     5 |    19 |     5 ||    65
       Potion            |       |       |     2 |     1 |     5 |     3 |     2 |     3 ||    16
 Stab: Invisible         |       |       |       |     4 |    13 |    17 |     1 |     1 ||    36
       Paralysed         |       |       |       |       |     2 |    11 |       |    21 ||    34
       Confused          |       |       |       |       |     3 |    10 |    16 |    36 ||    65
       Distracted        |       |       |       |       |       |       |       |     1 ||     1
  Eat: Chunk             |     5 |     7 |     8 |     8 |    33 |     5 |    14 |     3 ||    83
       Pizza             |       |     1 |       |     6 |       |     2 |       |       ||     9
       Beef jerky        |       |       |     1 |     1 |     5 |     1 |       |       ||     8
       Meat ration       |       |       |     1 |     1 |     3 |     6 |     2 |     3 ||    16
       Royal jelly       |       |       |       |       |     1 |       |       |       ||     1
       Fruit             |       |       |       |       |     1 |       |       |       ||     1
       Bread ration      |       |       |       |       |       |     3 |     7 |     2 ||    12

Vault maps used:
D:1:      shiori_arrival_maze
D:2:      fedhas_altar_fruit_tree, xom_teletrap_fun
D:4:      minmay_temple_entry_statues_pillars, first_bread,
          trog_three_pillars_becter
D:5:      lemuel_upstairs_altar, minitemple, serial_shops, shop, uniq_sigmund
D:6:      gammafunk_temple_overflow_wave, portal_sewer_entry_e,
          grunt_ministairs_2, uniq_crazy_yiuf_cottage, uniq_pikel, uniq_menkaure
D:7:      kennysheep_decorative_pillar, uniq_prince_ribbit1, uniq_joseph
D:10:     dpeg_oklobed_lair, serial_shops, kennysheep_mini_moat, shop,
          hangedman_ranch, evilmike_butchery, uniq_harold, uniq_maurice,
          uniq_nergalle
D:11:     orc_0_dummy, serial_co_window_serial, co_window_paths_a,
          co_window_corner_a, co_window_corner_a, co_window_corner_a,
          co_window_of_opportunity_a, co_window_2corner, co_window_broadway_b,
          co_window_corner_ca, co_window_paths_c, glass_columns_a,
          glass_columns_c, glass_columns_b, lab_entry_generic, uniq_erica,
          uniq_urug
D:12:     grunt_decor_arrowhead, uniq_frances, uniq_fannar
D:13:     grunt_vaults_entry_fortified, serial_shops, shop
D:14:     evilmike_iron_armoury, serial_shops,
          nicolae_shop_competitors_out_of_business, minivault_26
D:15:     hangedman_depths_entry_try_elsewhere_first, minmay_misc_feat_rows
Temple:   triangle_lava_temple_12
Lair:1:   nicolae_lair_grove_arrangements
Lair:2:   serial_bayou_crossing
Lair:3:   minmay_snake_entry_guardpost_small, grunt_megastairs_3,
          lemuel_fruit_fields, uniq_snorg
Lair:4:   serial_bayou_pond_e
Lair:5:   cheibrodos_lair_reptile_den
Lair:6:   minmay_swamp_entry_worms, slime_altar_1,
          nicolae_volcano_entry_batcave, grunt_forest_large_clearings,
          lemuel_fruit_tree, serial_bayou_shore_a
Lair:7:   serial_bayou_pond_d
Lair:8:   evil_forest, portal_ice_cave_entry_animals_and_master,
          grunt_forest_stairs_basic, uniq_rupert
Swamp:1:  evilmike_swamp_ruin_house_2, swamp_pool5,
          nicolae_swamp_alligator_family, uniq_roxanne, uniq_nikola, uniq_louise
Swamp:2:  serial_swamp_ruin, hangedman_swamp_ruin_wall, evilmike_swamp_ruin_wall
Swamp:3:  hangedman_swamp_ruin_hall
Swamp:4:  swamp_basic_johnstein
Orc:1:    basic_altar, nicolae_orc_pool_cavern, bloody_trog
Orc:2:    nicolae_orc_accident_2
Orc:3:    mines4_lemuel
Orc:4:    st_orc_ogre_mass, basic_altar
Elf:1:    minmay_elf_necromancy, nicolae_elf_w_pinch, kb_rosetta, uniq_agnes
Elf:2:    uniq_aizul
Elf:3:    minmay_elf_hall_golems
Vaults:1: nicolae_vaults_hallways_thing, hangedman_vaults_stretched_pinwheel,
          hangedman_vaults_stagger, nicolae_vaults_quartermaster,
          ontoclasm_vaults_hangar, v_misc_31, v_misc_9,
          hangedman_vaults_capsules, ontoclasm_vaults_gateway, v_misc_13,
          serial_shops, nicolae_shop_statue_plus, uniq_wiglaf
Vaults:2: dpeg_vaults_pockets_of_resistance, v_misc_23, vaults_dpeg_diagonal,
          uniq_saint_roka
Vaults:3: v_misc_13, vaults_mumra_hex, blue_anna_dwarven_crypt,
          hangedman_vaults_maws, nicolae_vaults_little_squares_6,
          sword_in_stone, v_misc_32, vaults_room_fours, v_misc_16,
          nicolae_vaults_border_crossing, ontoclasm_vaults_twist,
          grunt_vaults_funnel, nicolae_vaults_gold_heap, ontoclasm_vaults_idyll
Vaults:4: vaults_dpeg_cross, hangedman_vaults_snaps, nicolae_vaults_what_the_h,
          vaults_mumra_minichess, nicolae_vaults_mini_display_case,
          st_smaller_cells, nicolae_vaults_little_squares_1, v_alt_pattern_3
Vaults:5: uniq_xtahua
Depths:1: kennysheep_snake, nicolae_lava_and_water, pf_coc_iceberg,
          lemuel_flamethrower_3, serial_bayou_shore_b
Depths:2: evilmike_hourglass, enter_trove_5, serial_bayou, serial_bayou_pond_e,
          serial_bayou_pond_b, serial_bayou_lagoon_a, serial_bayou_pond_a,
          hell_entry, minivault_1, nicolae_ashenzari_panopticon
Lab:      labyrinth_fake_exit, lab_hedge, nicolae_lab_swirl,
          nicolae_lab_t_cross, nicolae_lab_grate_2, labyrinth_skeletal_remains
IceCv:    ice_cave_statue_garden_02
Volcano:  volcano_grotto

Notes
Turn   | Place    | Note
--------------------------------------------------------------
     0 | D:1      | ventricule the Formicid Wanderer began the quest for the Orb.
     0 | D:1      | ventricule set off with: a potion of haste {@q3}, a scroll of fear, a potion of curing {@q1}, a +0 buckler, a +0 robe, a +0 club, a +0 dagger, a bread ration
     0 | D:1      | Reached XP level 1. HP: 23/23 MP: 1/1
   147 | D:1      | Reached skill level 1 in Maces & Flails
   150 | D:1      | Reached XP level 2. HP: 23/29 MP: 2/2
   685 | D:1      | Reached skill level 2 in Shields
   899 | D:1      | Reached XP level 3. HP: 32/35 MP: 3/3
   939 | D:2      | Reached skill level 2 in Maces & Flails
  2264 | D:2      | Reached XP level 4. HP: 32/41 MP: 4/4
  2448 | D:2      | Reached skill level 3 in Shields
  2914 | D:2      | Found a shimmering altar of Xom.
  3130 | D:2      | Found a blossoming altar of Fedhas.
  3138 | D:2      | Reached skill level 3 in Maces & Flails
  3429 | D:2      | Reached XP level 5. HP: 47/47 MP: 5/5
  4075 | D:4      | Reached skill level 4 in Shields
  4117 | D:4      | Reached skill level 4 in Maces & Flails
  4117 | D:4      | Reached XP level 6. HP: 48/53 MP: 6/6
  4175 | D:4      | Found a staircase to the Ecumenical Temple.
  4199 | Temple   | Entered the Ecumenical Temple
  4213 | Temple   | Became a worshipper of Zin the Law-Giver
  4213 | Temple   | Reached * piety under Zin
  4473 | D:4      | Noticed a sky beast
  4485 | D:4      | Killed a sky beast
  4485 | D:4      | Reached skill level 5 in Maces & Flails
  4512 | D:4      | Found a bloodstained altar of Trog.
  4815 | D:5      | Entered Level 5 of the Dungeon
  4843 | D:5      | Reached XP level 7. HP: 59/59 MP: 7/7
  4961 | D:5      | Reached ** piety under Zin
  5021 | D:5      | Noticed Sigmund
  5067 | D:6      | Noticed Menkaure
  5112 | D:6      | Reached skill level 6 in Maces & Flails
  5148 | D:6      | Killed Menkaure
  5148 | D:6      | Reached skill level 7 in Maces & Flails
  5207 | D:5      | Reached XP level 8. HP: 57/65 MP: 8/8
  5217 | D:5      | Found a sparkling altar of Nemelex Xobeh.
  5315 | D:6      | Reached skill level 8 in Maces & Flails
  5356 | D:6      | Found a stormy altar of Qazlal.
  5356 | D:6      | Found a snail-covered altar of Cheibriados.
  5602 | D:6      | Noticed Pikel
  5638 | D:6      | Killed Pikel
  5638 | D:6      | Reached skill level 9 in Maces & Flails
  5638 | D:6      | Reached skill level 3 in Armour
  5638 | D:6      | Reached XP level 9. HP: 45/71 MP: 9/9
  5710 | D:6      | Reached skill level 4 in Armour
  5747 | D:6      | Killed Crazy Yiuf
  6225 | D:6      | Reached skill level 5 in Armour
  6685 | D:5      | Killed Sigmund
  6685 | D:5      | Reached skill level 10 in Maces & Flails
  6713 | D:5      | Found a sparkling altar of Nemelex Xobeh.
  6719 | D:5      | Found a bloodstained altar of Trog.
  6725 | D:5      | Found a basalt altar of Yredelemnul.
  7291 | D:5      | Identified a wand of hasting (You found it on level 5 of the Dungeon)
  7309 | D:5      | Found Qenig's Book Boutique.
  7525 | D:7      | Reached skill level 6 in Armour
  7591 | D:7      | Noticed Joseph
  7622 | D:7      | Killed Joseph
  7622 | D:7      | Reached XP level 10. HP: 21/77 MP: 10/10
  7911 | D:7      | Reached *** piety under Zin
  8019 | D:7      | Noticed Prince Ribbit
  8032 | D:7      | Killed Prince Ribbit
  8032 | D:7      | Reached skill level 7 in Armour
  8243 | D:7      | Reached skill level 11 in Maces & Flails
  8414 | D:8      | Reached skill level 8 in Armour
  9044 | D:9      | Got a translucent flail
  9045 | D:9      | Identified the +7 flail "Gelafa" {antimagic, +Inv rF++} (You found it on level 9 of the Dungeon)
  9115 | D:9      | Reached skill level 9 in Armour
  9203 | D:9      | Reached **** piety under Zin
  9414 | D:9      | Reached skill level 1 in Invocations
  9567 | D:9      | Reached skill level 1 in Evocations
  9629 | D:9      | Reached skill level 2 in Invocations
  9750 | D:10     | Entered Level 10 of the Dungeon
  9750 | D:10     | Noticed Nergalle
  9788 | D:9      | Killed Nergalle
  9788 | D:9      | Reached skill level 12 in Maces & Flails
  9788 | D:9      | Reached skill level 3 in Invocations
  9788 | D:9      | Reached skill level 2 in Evocations
  9788 | D:9      | Reached XP level 11. HP: 45/83 MP: 3/13
 10026 | D:10     | Noticed Harold
 10062 | D:10     | Killed Harold
 10062 | D:10     | Reached skill level 4 in Invocations
 10062 | D:10     | Reached skill level 3 in Evocations
 10226 | D:10     | Reached skill level 5 in Invocations
 10226 | D:10     | Reached skill level 4 in Evocations
 10334 | D:10     | Reached ***** piety under Zin
 10357 | D:10     | Noticed Maurice
 10373 | D:10     | Killed Maurice
 10394 | D:10     | Noticed an unseen horror
 10404 | D:10     | Killed an unseen horror
 10404 | D:10     | Reached skill level 6 in Invocations
 10422 | D:10     | Found Dimafat's Food Boutique.
 10717 | D:10     | Found a staircase to the Lair.
 10722 | D:10     | Noticed an oklob plant
 10822 | D:10     | Noticed a two-headed hydra
 10833 | D:10     | Killed a two-headed hydra
 10840 | D:10     | Reached skill level 7 in Invocations
 11187 | D:10     | Found Sopumi's General Store.
 11300 | D:10     | Killed an oklob plant
 11300 | D:10     | Reached skill level 13 in Maces & Flails
 11556 | Lair:1   | Entered Level 1 of the Lair of Beasts
 11594 | Lair:1   | Reached skill level 8 in Invocations
 11611 | Lair:1   | Reached XP level 12. HP: 47/89 MP: 6/18
 12208 | Lair:1   | Reached skill level 9 in Invocations
 12412 | Lair:2   | Identified a wand of teleportation (You found it on level 2 of the Lair of Beasts)
 12465 | Lair:2   | Noticed a five-headed hydra
 12477 | Lair:2   | Killed a five-headed hydra
 12672 | Lair:2   | Reached skill level 10 in Invocations
 13025 | Lair:2   | Reached skill level 14 in Maces & Flails
 13704 | Lair:3   | Noticed Snorg
 13718 | Lair:3   | Killed Snorg
 13718 | Lair:3   | Reached skill level 10 in Armour
 13718 | Lair:3   | Reached skill level 11 in Invocations
 14143 | Lair:3   | Reached XP level 13. HP: 54/94 MP: 7/21
 14539 | Lair:3   | Found a staircase to the Snake Pit.
 14692 | Lair:3   | Noticed an eight-headed hydra
 15164 | Lair:3   | Reached skill level 12 in Invocations
 15244 | Lair:3   | Reached skill level 11 in Armour
 15383 | Lair:3   | Noticed a four-headed hydra
 15396 | Lair:3   | Killed a four-headed hydra
 15396 | Lair:3   | Reached skill level 1 in Dodging
 15597 | Lair:3   | Reached skill level 7 in Fighting
 15620 | Lair:4   | Reached skill level 2 in Dodging
 15803 | Lair:3   | Reached skill level 3 in Dodging
 16014 | Lair:4   | Reached skill level 8 in Fighting
 16424 | Lair:4   | Reached skill level 4 in Dodging
 16795 | Lair:4   | Reached skill level 9 in Fighting
 17061 | Lair:4   | Reached skill level 5 in Dodging
 18253 | Lair:5   | Reached XP level 14. HP: 85/109 MP: 7/23
 18452 | Lair:6   | Found a staircase to the Slime Pits.
 18452 | Lair:6   | Found a viscous altar of Jiyva.
 18597 | Lair:6   | Found a dark tunnel.
 18696 | Volcano  | Entered a volcano
 18794 | Volcano  | Reached ****** piety under Zin
 18799 | Volcano  | Found a radiant altar of Vehumet.
 18842 | Volcano  | Identified a +0 fire dragon armour (You found it in a volcano)
 19203 | Lair:6   | Reached skill level 13 in Invocations
 19335 | Lair:6   | Found a staircase to the Swamp.
 20392 | Lair:7   | Reached skill level 12 in Armour
 20575 | Lair:7   | Got a crude ring mail
 20586 | Lair:7   | Identified the cursed +0 ring mail of Yggyuliv {rF- rN+ MR+} (You found it on level 7 of the Lair of Beasts)
 21901 | Lair:8   | Entered Level 8 of the Lair of Beasts
 21946 | Lair:8   | Reached skill level 14 in Invocations
 22143 | Lair:8   | Found a frozen archway.
 22187 | Lair:8   | HP: 10/109 [ice dragon/blast of cold (24)]
 22358 | IceCv    | Entered an ice cave
 23344 | Lair:8   | Noticed Rupert
 23377 | Lair:8   | Killed Rupert
 23377 | Lair:8   | Reached skill level 13 in Armour
 23747 | Lair:8   | Reached XP level 15. HP: 99/115 MP: 8/26
 23916 | Lair:8   | Got a bloodstained plate armour
 23927 | Lair:8   | Identified the +8 plate armour of Ypetezi {rN+} (You found it on level 8 of the Lair of Beasts)
 24097 | Lair:7   | Reached skill level 15 in Invocations
 24740 | Lair:8   | Reached skill level 10 in Fighting
 24751 | Lair:8   | Reached skill level 6 in Dodging
 25636 | Lair:8   | Reached skill level 7 in Dodging
 25683 | Lair:8   | Reached skill level 11 in Fighting
 25854 | Lair:8   | Found a burning altar of Makhleb.
 26646 | Lair:8   | Found a gateway to Hell.
 26986 | D:11     | Noticed Urug
 27002 | D:11     | Killed Urug
 27002 | D:11     | Reached skill level 8 in Dodging
 27395 | D:11     | Found a labyrinth entrance.
 27395 | D:11     | Found a staircase to the Orcish Mines.
 27409 | Lab      | Entered a labyrinth
 27664 | Lab      | Reached skill level 12 in Fighting
 27683 | Lab      | Learned a level 2 spell: Repel Missiles
 27707 | D:11     | Upgraded the game from 0.17.0-56-gd8de76c to 0.17.0-57-g0e89251
 27923 | D:11     | Noticed Erica
 27933 | D:11     | Killed Erica
 27933 | D:11     | Reached skill level 5 in Shields
 28545 | D:12     | Noticed Fannar
 28577 | D:12     | Killed Fannar
 28732 | D:12     | Noticed Frances
 28783 | D:12     | Killed Frances
 29219 | D:12     | Reached XP level 16. HP: 107/129 MP: 27/27
 29476 | D:13     | Found Ikathuaz's Armour Shop.
 29704 | D:13     | Reached skill level 6 in Shields
 29836 | D:13     | Reached skill level 13 in Fighting
 30049 | D:13     | You fall through a shaft for 2 floors!
 30049 | D:15     | Entered Level 15 of the Dungeon
 30640 | D:13     | You fall through a shaft for 2 floors!
 30892 | D:15     | Reached skill level 7 in Shields
 31390 | D:13     | Reached skill level 14 in Fighting
 31810 | D:13     | Found a gate to the Vaults.
 31822 | D:13     | Reached skill level 8 in Shields
 32110 | D:14     | Reached skill level 15 in Maces & Flails
 32157 | D:14     | Found Yjoodad's Weapon Shoppe.
 32507 | D:14     | Got a twisted scale mail
 32518 | D:14     | Identified the +3 scale mail of Perpetual Drought {rPois MR+ Dex+3} (You took it off an orc warrior on level 14 of the Dungeon)
 32565 | D:14     | Found an iron altar of Okawaru.
 33203 | D:15     | Found a staircase to the Depths.
 33239 | D:15     | Reached skill level 9 in Shields
 33279 | D:15     | Reached skill level 15 in Fighting
 33752 | Orc:1    | Entered Level 1 of the Orcish Mines
 34501 | Orc:1    | Found a bloodstained altar of Trog.
 34520 | Orc:1    | Found a roughly hewn altar of Beogh.
 34846 | Orc:4    | Entered Level 4 of the Orcish Mines
 34846 | Orc:4    | Found a staircase to the Elven Halls.
 34849 | Orc:4    | Found a roughly hewn altar of Beogh.
 35049 | Orc:4    | Reached XP level 17. HP: 130/142 MP: 28/28
 35241 | Orc:4    | Found Hialeo's Book Shop.
 35241 | Orc:4    | Found Doshrit's Gadget Emporium.
 35245 | Orc:4    | Found Ettih's Weapon Boutique.
 35245 | Orc:4    | Found Lekier's Magic Scroll Emporium.
 35254 | Orc:4    | Bought a scroll of enchant armour for 90 gold pieces
 35578 | Orc:4    | Reached skill level 16 in Fighting
 36316 | Orc:2    | Found a roughly hewn altar of Beogh.
 36432 | Elf:1    | Entered Level 1 of the Elven Halls
 36634 | Elf:1    | Identified the Tome of Unholy Arts
 36733 | Elf:1    | Reached skill level 16 in Maces & Flails
 37051 | Elf:1    | You are sucked into a shaft!
 37051 | Elf:2    | Noticed a deep elf blademaster
 37077 | Elf:2    | Killed a deep elf blademaster
 37202 | Elf:2    | Found a runed gate.
 37202 | Elf:2    | Found a runed gate.
 37203 | Elf:2    | Found a runed gate.
 37724 | Elf:2    | Reached skill level 14 in Armour
 37948 | Elf:2    | Reached skill level 9 in Dodging
 38089 | Elf:2    | Noticed Aizul
 38116 | Elf:2    | Killed Aizul
 38387 | Elf:2    | Reached XP level 18. HP: 132/153 MP: 29/29
 38845 | Elf:2    | Reached skill level 16 in Invocations
 39811 | Elf:1    | Noticed Agnes
 39844 | Elf:1    | Killed Agnes
 40387 | Elf:3    | Entered Level 3 of the Elven Halls
 41012 | Elf:3    | Reached skill level 10 in Dodging
 41452 | Elf:3    | Reached skill level 15 in Armour
 41711 | Elf:3    | Zin protects you from harm!
 42884 | Elf:3    | Reached skill level 17 in Invocations
 43564 | Elf:3    | Reached XP level 19. HP: 82/159 MP: 31/31
 43841 | Elf:3    | Reached skill level 11 in Dodging
 43843 | Elf:3    | Got a fine lapis lazuli ring
 43845 | Elf:3    | Identified the ring "Docih Eveah" {MP+9 EV+1 Dex-4 Stlth+} (You took it off a deep elf death mage on level 3 of the Elven Halls)
 44438 | Elf:3    | HP: 4/159 [deep elf annihilator/iron shot (63)]
 45070 | Elf:3    | Got a warped morningstar {flame}
 45071 | Elf:3    | Identified the cursed +1 morningstar of Exquisite Death {flame, +Rage +Fly Stlth-} (You took it off a deep elf fighter on level 3 of the Elven Halls)
 45798 | Elf:3    | Reached skill level 17 in Maces & Flails
 45821 | Elf:3    | Got a heavily runed scale mail
 45832 | Elf:3    | Identified the +2 scale mail of Yrrik {Str+4} (You found it on level 3 of the Elven Halls)
 45847 | Elf:3    | Identified Sif Muna's Grimoire of Lucky Attacks
 46729 | Elf:3    | Reached skill level 18 in Maces & Flails
 47558 | Swamp:1  | Entered Level 1 of the Swamp
 47820 | Swamp:1  | Noticed Roxanne
 47996 | Swamp:1  | Noticed Louise
 48026 | Swamp:1  | Killed Louise
 48254 | Swamp:1  | Noticed Nikola
 48267 | Swamp:1  | You are sucked into a shaft!
 48441 | Swamp:2  | Reached skill level 19 in Maces & Flails
 49170 | Swamp:3  | Noticed Hanyuu's ghost (journeyman OpTm)
 49191 | Swamp:3  | Killed Hanyuu's ghost
 49637 | Swamp:3  | Reached skill level 10 in Shields
 49776 | Swamp:3  | Reached XP level 20. HP: 63/167 MP: 32/32
 50395 | Swamp:4  | Entered Level 4 of the Swamp
 50982 | Swamp:4  | Reached skill level 11 in Shields
 51181 | Swamp:4  | Reached skill level 20 in Maces & Flails
 51374 | Swamp:4  | Got a decaying rune of Zot
 52439 | Swamp:4  | Reached skill level 12 in Shields
 53083 | Depths:1 | Entered Level 1 of the Depths
 53594 | Depths:1 | Reached skill level 13 in Shields
 53965 | Depths:1 | Identified 2 potions of resistance
 54074 | Depths:1 | Reached skill level 14 in Shields
 54463 | Depths:1 | Reached skill level 15 in Shields
 54677 | Depths:1 | Reached XP level 21. HP: 150/173 MP: 33/33
 54722 | Depths:1 | Reached skill level 17 in Fighting
 55198 | Depths:1 | Reached skill level 16 in Armour
 55469 | Depths:1 | Noticed a caustic shrike
 56240 | Depths:1 | Killed a caustic shrike
 57325 | Depths:2 | Identified a scroll of acquirement
 58485 | D:10     | Bought a bread ration for 65 gold pieces
 58485 | D:10     | Bought a bread ration for 65 gold pieces
 58485 | D:10     | Bought a meat ration for 65 gold pieces
 58485 | D:10     | Bought a bread ration for 65 gold pieces
 58485 | D:10     | Bought a meat ration for 65 gold pieces
 58485 | D:10     | Bought a bread ration for 65 gold pieces
 58485 | D:10     | Bought a slice of pizza for 19 gold pieces
 58485 | D:10     | Bought a slice of pizza for 19 gold pieces
 58485 | D:10     | Bought a meat ration for 65 gold pieces
 58679 | Vaults:1 | Entered Level 1 of the Vaults
 58916 | Vaults:1 | Reached skill level 18 in Invocations
 58990 | Vaults:1 | Noticed Wiglaf
 59019 | Vaults:1 | Killed Wiglaf
 59188 | Vaults:1 | Reached skill level 16 in Shields
 59338 | Vaults:1 | Reached XP level 22. HP: 176/182 MP: 35/35
 60147 | Vaults:1 | Hired Lefocate the ogre mage for 939 gold.
 60173 | Vaults:1 | Reached skill level 19 in Invocations
 60410 | Vaults:1 | Found Ycusy's Jewellery Emporium.
 60419 | Vaults:1 | Bought an uncursed ring of protection from fire for 375 gold pieces
 60419 | Vaults:1 | Bought an uncursed amulet of resist mutation for 600 gold pieces
 60419 | Vaults:1 | Bought the ring of Deugoss Lawa {rF+ MR- MP+9 Int-5 Slay+5} for 604 gold pieces
 60622 | Vaults:2 | Your ally Lefocate died
 60846 | Vaults:2 | Reached skill level 20 in Invocations
 61068 | Vaults:2 | Noticed Saint Roka
 61090 | Vaults:2 | Killed Saint Roka
 61628 | Vaults:2 | Reached skill level 21 in Invocations
 62180 | Vaults:3 | Noticed Frederick
 62187 | Vaults:3 | Killed Frederick
 62187 | Vaults:3 | Reached XP level 23. HP: 182/189 MP: 37/37
 62410 | Vaults:3 | Found a staircase to the Crypt.
 62433 | Vaults:3 | Reached skill level 22 in Invocations
 62787 | Vaults:3 | Identified a wand of heal wounds (You took it off a deep elf knight on level 3 of the Vaults)
 63572 | Vaults:4 | Reached skill level 23 in Invocations
 64576 | Vaults:5 | Entered Level 5 of the Vaults
 64600 | Vaults:4 | Reached skill level 24 in Invocations
 64749 | Vaults:4 | Reached XP level 24. HP: 145/197 MP: 39/39
 65471 | Vaults:5 | Reached skill level 25 in Invocations
 65695 | Vaults:5 | Noticed Xtahua
 65751 | Vaults:5 | Killed Xtahua
 66363 | Vaults:5 | Killed from afar by a lich

Vanquished Creatures
  Frederick (Vaults:3)
  Saint Roka (Vaults:2)
  A caustic shrike (Depths:1)
  Xtahua (Vaults:5)
  Rupert (Lair:8)
  A tentacled monstrosity (Vaults:5)
  A lich (Depths:1)
  3 titans (Vaults:5)
  3 deep elf blademasters
  2 octopode crushers
  2 sphinxes
  Agnes (Elf:1)
  An ancient champion (Vaults:3)
  3 shadow dragons (Vaults:5)
  3 tengu reavers
  Frances (D:12)
  3 storm dragons
  5 thorn hunters
  15 fire giants
  Wiglaf (Vaults:1)
  An orc warlord (Vaults:5)
  2 frost giants
  8 deep elf sorcerers
  An emperor scorpion (D:15)
  Aizul (Elf:2)
  Louise (Swamp:1)
  14 vault wardens
  A large abomination (Elf:3)
  The ghost of Hanyuu the Black Belt, a journeyman OpTm of Makhleb (Swamp:3)
  14 stone giants
  3 war gargoyles
  11 ironheart preservers
  6 very ugly things
  15 deep elf annihilators
  2 dire elephants
  10 deep elf demonologists
  A salamander stormcaller (Vaults:3)
  3 vampire knights
  Snorg (Lair:3)
  14 ettins
  A merfolk javelineer (Depths:1)
  7 deep elf death magi
  9 deep elf high priests
  30 vault guards
  A blizzard demon (Depths:1)
  4 fire dragons
  11 crystal guardians
  A merfolk impaler (Depths:2)
  A minotaur (Lab)
  8 yaktaur captains
  Fannar (D:12)
  2 entropy weavers
  Harold (D:10)
  21 hydras
  3 great orbs of eyes
  2 death knights (Vaults:3)
  5 ice dragons
  A rakshasa (Depths:1)
  A ghost crab (Swamp:3)
  Erica (D:11)
  11 centaur warriors
  8 alligators
  2 catoblepae (Lair:8)
  9 deep troll shamans
  11 ogre magi
  16 dancing weapons (Elf:2)
  A spriggan berserker (Depths:1)
  2 deep troll earth magi (Depths:2)
  A tengu warrior (Depths:1)
  3 vampire magi (Depths:1)
  An orc high priest (Elf:3)
  10 death yaks
  Urug (D:11)
  23 deep elf knights
  Nergalle (D:9)
  3 spriggans
  3 shadow wraiths
  A sun demon (Lair:8)
  A fire crab (shapeshifter) (Vaults:1)
  2 iron trolls (Depths:1)
  3 skeletal warriors (D:13)
  A hell knight (Vaults:3)
  2 fire crabs
  24 deep trolls
  7 swamp dragons
  4 giant orange brains
  14 ironbrand convokers
  11 deep elf summoners
  A shambling mangrove (Swamp:3)
  An anubis guard (shapeshifter) (Vaults:1)
  9 hill giants
  6 unseen horrors
  2 flayed ghosts
  3 wizards
  A lindwurm (shapeshifter) (Vaults:2)
  A phantasmal warrior (Vaults:5)
  Pikel (D:6)
  A wolf spider (Vaults:4)
  19 deep elf conjurers
  11 orc knights
  A shining eye (shapeshifter) (Vaults:5)
  7 griffons
  4 necromancers (Elf:1)
  An oklob plant (D:10)
  3 hornets
  An orb spider (shapeshifter) (Vaults:5)
  55 ugly things
  12 elephants
  4 harpies (Vaults:2)
  5 orc sorcerers
  A manticore (D:12)
  6 cyclopes
  Maurice (D:10)
  A toenail golem (Volcano)
  Joseph (D:7)
  3 molten gargoyles (Volcano)
  3 orange demons (Lair:8)
  A storm dragon simulacrum (Vaults:1)
  3 ice statues (IceCv)
  5 black mambas
  A smoke demon (Lair:8)
  2 gargoyles
  A fire drake (shapeshifter) (Vaults:1)
  8 fire drakes
  12 vault sentinels
  A komodo dragon (shapeshifter) (Vaults:3)
  11 komodo dragons
  2 kobold demonologists
  3 tengu conjurers
  A yaktaur (shapeshifter) (Vaults:4)
  A redback zombie (D:13)
  13 deep elf priests
  18 spiny frogs
  8 freezing wraiths
  A blue devil (Lair:8)
  33 yaktaurs
  A harpy zombie (D:13)
  A hellwing (Lair:8)
  5 trolls
  2 polar bears (Lair:8)
  Prince Ribbit (D:7)
  25 two-headed ogres
  7 boulder beetles
  9 giant leeches
  7 bog bodies
  11 blink frogs
  A blink frog (shapeshifter) (Depths:1)
  3 shadows
  3 redbacks
  38 slime creatures
  A centaur simulacrum (D:14)
  Sigmund (D:5)
  2 spriggans (shapeshifter)
  6 wraiths
  55 yaks
  18 deep elf magi
  2 water elementals
  A wyvern (D:8)
  8 fire bats
  13 hippogriffs
  2 basilisks (shapeshifter)
  3 basilisks
  Menkaure (D:6)
  39 deep elf fighters
  21 swamp worms
  3 mottled dragons (Vaults:1)
  20 vampire mosquitoes
  12 insubstantial wisps (Swamp:4)
  30 wolves
  A hell hound (Lair:8)
  4 wargs
  A hungry ghost (D:11)
  12 water moccasins
  14 porcupines
  3 nagas (Lair:3)
  37 orc warriors
  5 phantoms
  25 swamp drakes
  2 boggarts (Vaults:1)
  A spider (shapeshifter) (Depths:1)
  3 black bears
  A black bear (shapeshifter) (Vaults:5)
  3 sky beasts
  An eye of draining (D:12)
  5 wasps
  10 ice beasts
  56 ogres
  11 centaurs
  6 big kobolds
  2 necrophages
  4 elf zombies (Elf:1)
  15 crocodiles
  A brain worm (shapeshifter) (D:15)
  An earth elemental (Volcano)
  15 giant frogs
  A wyvern skeleton (D:14)
  4 scorpions
  3 electric eels (Lair:6)
  3 killer bees
  12 wights
  3 spriggan skeletons (Lab)
  15 crimson imps
  A giant frog zombie (D:5)
  A lava snake (Volcano)
  27 orc wizards
  5 centaur zombies
  18 iguanas
  20 orc priests
  3 hounds
  2 jellies
  4 centaur skeletons
  21 worker ants
  A quasit (D:9)
  22 sheep
  2 killer bee zombies
  An ogre skeleton (Lab)
  A worker ant zombie (D:6)
  8 gnolls
  A hound skeleton (D:11)
  10 shadow imps
  19 adders
  67 river rats
  2 adder zombies
  3 adder skeletons
  6 worms
  204 orcs
  2 giant cockroaches
  5 hobgoblins
  27 kobolds
  5 quokkas
  2 ball pythons
  8 bats
  8 giant geckos
  A giant gecko skeleton (D:8)
  7 giant newts
  4 goblins
  8 jackals
  A jackal skeleton (D:7)
  13 rats
  5 pillars of salt
  A plant (D:10)
1915 creatures vanquished.

Vanquished Creatures (collateral kills)
  A vault warden (Vaults:2)
  An ironheart preserver (Vaults:1)
  2 yaktaur captains (Vaults:2)
  A deep troll (Vaults:1)
  An orc knight (Vaults:2)
  An ironbrand convoker (Vaults:2)
  A vault sentinel (Vaults:5)
  An orc (D:15)
9 creatures vanquished.

Vanquished Creatures (others)
  An ogre mage (Vaults:2)
  An ironbrand convoker (Vaults:2)
  An orange demon (Lair:8)
  A blue devil (Lair:8)
  A deep elf mage (Elf:1)
  A deep elf fighter (Vaults:2)
  A boggart (Vaults:1)
  An elf zombie (Elf:1)
  Crazy Yiuf (D:6)
  A giant newt (D:6)
  10 briar patches
  26 fungi
  3 pillars of salt
  46 plants
95 creatures vanquished.

Grand Total: 2019 creatures vanquished
